 Dungeon Crawl Stone Soup version 0.31.0 (webtiles) character file.

Game seed: 4850536230361280714

1464 groovy9 the Shooter (level 8, 42/42 HPs)
             Began as a Spriggan Hunter on Jan 19, 2024.
             Was a Follower of Nemelex Xobeh.
             Quit the game on level 6 of the Dungeon.
             The game lasted 00:32:02 (5740 turns).

groovy9 the Shooter (Spriggan Hunter)               Turns: 5740, Time: 00:32:03

Health: 42/42      AC: 10    Str:  7    XL:     8   Next: 48%
Magic:  15/15      EV: 21    Int: 11    God:    Nemelex Xobeh [*.....]
Gold:   171        SH:  0    Dex: 20    Spells: 11/15 levels left

rFire   x x .        a - +0 shortbow
rCold   x x .        (shield currently unavailable)
rNeg    . . .        c - +0 robe
rPois   +            (helmet restricted)
rElec   .            (no cloak)
rCorr   .            (gloves unavailable)
SInv    +            (boots unavailable)
Will    +....        v - amulet of Elemental Vulnerability {rPois rF-- rC-- AC+8}
Stlth   ++++         (no ring)
HPRegen 0.27/turn    (no ring)
MPRegen 0.14/turn

%: no passive effects
@: very quick
A: very small, no large weapons, unfitting armour, see invisible, speed 3
a: Renounce Religion, Draw Escape, Draw Destruction, Draw Summoning


You were on level 6 of the Dungeon.
You worshipped Nemelex Xobeh.
Nemelex Xobeh was aware of your devotion.
You visited 1 branch of the dungeon, and saw 6 of its levels.

You collected 171 gold pieces.

Inventory:

Hand Weapons
 a - a +0 shortbow (weapon)
Missiles
 i - a throwing net
Armour
 c - a +0 robe (worn)
 x - a +0 leather armour
Jewellery
 v - the amulet of Elemental Vulnerability (around neck) {rPois rF-- rC-- AC+8}
   (You found it on level 5 of the Dungeon)

   [amulet of nothing]

   AC+8:      It affects your AC (+8).
   rF--:      It makes you very vulnerable to fire.
   rC--:      It makes you very vulnerable to cold.
   rPois:     It protects you from poison
Wands
 r - a wand of polymorph (28)
Scrolls
 b - a scroll of butterflies
 d - 2 scrolls of teleportation {unknown}
 f - 2 scrolls of revelation {unknown}
 h - 3 scrolls of vulnerability {unknown}
 l - 4 scrolls of identify {unknown}
 m - a scroll of blinking {unknown}
 o - a scroll of poison {unknown}
 p - a scroll of amnesia {unknown}
 s - a scroll of acquirement {unknown}
 t - 2 scrolls of silence {unknown}
 u - a scroll of fear {unknown}
 w - a scroll of immolation {unknown}
Potions
 e - a potion of haste {unknown}
 g - 2 potions of lignification {unknown}
 j - a potion of enlightenment {unknown}
 k - a potion of cancellation {unknown}
 n - 2 potions of might {unknown}
 q - 3 potions of attraction
 z - a potion of curing {unknown}


   Skills:
 + Level 3.7 Fighting
 * Level 7.0 Ranged Weapons
 + Level 6.1 Dodging
 + Level 6.4 Stealth
 + Level 4.0 Spellcasting
 + Level 4.0 Hexes


You had 11 spell levels left.
You knew the following spells:

 Your Spells              Type           Power      Damage    Failure   Level
a - Slow                  Hex            44%        N/A       4%          1
b - Confusing Touch       Hex            11%        N/A       14%         3

Your spell library contained the following spells:

 Spells                   Type           Power      Damage    Failure   Level
 Sigil of Binding         Hex            11%        N/A       14%         3
 Foxfire                  Conj/Fire      8%         2x1d4     24%         1
 Sting                    Conj/Alch      8%         1d3       24%         1
 Dazzling Flash           Conj/Hex       12%        N/A       30%         3
 Mercury Vapours          Alch/Air       4%         N/A       34%         2
 Vampiric Draining        Necr           2%         2d6       56%         3
 Volatile Blastmotes      Fire/Tloc      4%         2d10      56%         3
 Olgreb's Toxic Radiance  Alch           2%         N/A       93%         4
 Plasma Beam              Fire/Air       1%         2x1d11    100%        6
 Starburst                Conj/Fire      1%         6d3       100%        6
 Maxwell's Capacitive Co  Air            1%         ∞         100%        8


Dungeon Overview and Level Annotations

Branches:
Dungeon (6/15)             Temple (0/1) D:5

Altars:
Cheibriados
Elyvilon
Nemelex Xobeh
Trog
Uskayaw
Yredelemnul
The Shining One

Shops:
D:5 ?


Innate Abilities, Weirdness & Mutations

You are very small and have problems with some larger weapons.
You are too small for most types of armour.
You have supernaturally acute eyesight. (SInv)
You cover ground extremely quickly. (Speed+++)


Message History

Aim: a yak (76% to hit)
You shoot an arrow. The arrow barely misses the yak.
Fire: a) +0 shortbow
Press: ? - help, Q - select action, (/) - cycle Shift-Dir - straight line, f/p - yak
Aim: a yak (76% to hit)
You shoot an arrow.
The arrow hits the yak but does no damage.
Fire: a) +0 shortbow
Press: ? - help, Q - select action, (/) - cycle Shift-Dir - straight line, f/p - yak
Aim: a yak (76% to hit)
You shoot an arrow.
The arrow hits the yak but does no damage.
Fire: a) +0 shortbow
Press: ? - help, Q - select action, (/) - cycle Shift-Dir - straight line, f/p - yak
Aim: a yak (76% to hit)
You shoot an arrow.
The arrow hits the yak but does no damage.
Fire: a) +0 shortbow
Press: ? - help, Q - select action, (/) - cycle Shift-Dir - straight line, f/p - yak
Aim: a yak (76% to hit)
You shoot an arrow. The arrow hits the yak.
The yak is lightly wounded.
Fire: a) +0 shortbow
Press: ? - help, Q - select action, (/) - cycle Shift-Dir - straight line, f/p - yak
Aim: a yak (lightly wounded, 76% to hit)
You shoot an arrow. The arrow hits the yak!
The yak is moderately wounded.
You hear a shout!
A kobold comes into view. It is wielding a +0 short sword.
Okay, then.
You draw a card...
You have drawn the Cloud.
Clouds appear around your foes!
The deck of cards glows slightly and disappears.
The yak completely misses you.
The yak snorts and paws the ground.
The yak attacks as it pursues you! The yak closely misses you.
The yak is engulfed in noxious fumes.
The yak appears confused.
A kobold comes into view. It is wielding a +0 dagger.
The kobold shouts!
Search for what [Enter for "."]? yes Are you sure you want to abandon this character and quit the game? (Confirm with "yes".)

#.####.## #..)...........# #.#
#..### ###'#...........#
#.#####...### #.).#..#.#'####.#
#.##........# #.###....#.# #.#
#.##......#.####K# #....#.# ##.#
..##..<...#.o...<# #....#.###..#
..##......######.###..#.......##
#.#####..........÷....#.##..###
#.# #.#######.@...........# #.#
#.# #........#..#.#...# #.# #.#
#.###...........#.### #.#
###.###.###.........#.#...#
#.###.....#.....#.......#.#.#.♣
..........#.###.........#.#...♣
##........#.# #........<#.#.###
##........#h###....>..#.#.#.#
..........#.##....#.#.#.#.#.#


You could see a kobold.

Vanquished Creatures
  Menkaure (D:4)
  An orc warrior (D:6)
  A black bear (D:3)
  A kobold brigand (D:4)
  6 scorpions
  A crimson imp (D:4)
  2 jellies (D:6)
  2 bombardier beetles
  4 hounds
  A centaur zombie (D:5)
  An orc priest (D:5)
  3 iguanas
  Ijyb (D:4)
  An orc wizard (D:5)
  A scorpion zombie (D:5)
  2 howler monkey zombies (D:5)
  4 adders
  3 gnolls (D:2)
  2 adder zombies (D:5)
  3 ribbon worms
  2 dart slugs (D:1)
  16 orcs
  4 endoplasms
  6 giant cockroaches
  9 goblins
  6 hobgoblins
  3 quokkas
  7 ball pythons
  5 bats
  7 frilled lizards
  2 goblin skeletons (D:4)
  2 hobgoblin zombies (D:4)
  7 kobolds
  A kobold skeleton (D:4)
  3 kobold zombies (D:4)
  An orc skeleton (D:4)
  2 orc zombies (D:4)
  7 rats
131 creatures vanquished.

Vanquished Creatures (collateral kills)
  2 orc wizards (D:5)
  3 orcs (D:5)
5 creatures vanquished.

Grand Total: 136 creatures vanquished

Notes
Turn   | Place    | Note
-------+----------+-------------------------------------------
     0 | D:1      | groovy9 the Spriggan Hunter began the quest for the Orb.
     0 | D:1      | Reached XP level 1. HP: 10/10 MP: 2/2
    79 | D:1      | Reached XP level 2. HP: 15/15 MP: 3/3
    96 | D:1      | You fall into a shaft and drop 1 floor!
   392 | D:1      | Reached XP level 3. HP: 18/18 MP: 4/4
  1168 | D:2      | Reached XP level 4. HP: 23/23 MP: 5/5
  1245 | D:2      | Found a snail-covered altar of Cheibriados.
  1766 | D:3      | Found a hide-covered altar of Uskayaw.
  1973 | D:3      | Learned a level 1 spell: Slow
  1979 | D:3      | Noticed a scorpion
  2086 | D:3      | Killed a scorpion
  2087 | D:3      | Reached skill level 5 in Ranged Weapons
  2087 | D:3      | Reached XP level 5. HP: 27/27 MP: 5/7
  2504 | D:3      | Noticed a black bear
  2558 | D:3      | Killed a black bear
  2559 | D:3      | Reached skill level 1 in Spellcasting
  2559 | D:3      | Reached skill level 1 in Hexes
  2657 | D:3      | Found a sparkling altar of Nemelex Xobeh.
  2667 | D:3      | Became a worshipper of Nemelex Xobeh the Trickster
  2714 | D:4      | Noticed Menkaure
  2738 | D:4      | Noticed Ijyb
  2841 | D:4      | Reached XP level 6. HP: 32/32 MP: 7/9
  3103 | D:4      | Killed Menkaure
  3207 | D:4      | Killed Ijyb
  3208 | D:4      | Reached XP level 7. HP: 35/35 MP: 11/11
  3410 | D:4      | Found a glowing golden altar of the Shining One.
  3521 | D:4      | Reached skill level 6 in Ranged Weapons
  3521 | D:4      | Reached skill level 5 in Dodging
  3778 | D:5      | Entered Level 5 of the Dungeon
  3792 | D:5      | Reached * piety under Nemelex Xobeh
  3796 | D:5      | Reached skill level 5 in Stealth
  3940 | D:5      | Learned a level 3 spell: Confusing Touch
  3974 | D:5      | Found the amulet of Elemental Vulnerability {rPois rF--
                  | rC-- AC+8}
  4115 | D:5      | Received a gift from Nemelex Xobeh
  4301 | D:5      | Reached XP level 8. HP: 38/40 MP: 13/13
  4388 | D:5      | Found Oscheen's Magic Scroll Shop.
  4621 | D:5      | Found a basalt altar of Yredelemnul.
  4891 | D:5      | Found a staircase to the Ecumenical Temple.
  5127 | D:6      | Received a gift from Nemelex Xobeh
  5450 | D:6      | Found a white marble altar of Elyvilon.
  5549 | D:6      | Reached skill level 7 in Ranged Weapons
  5564 | D:6      | Found a bloodstained altar of Trog.
  5740 | D:6      | Quit the game

Illustrated notes

Levels and vault maps discovered:
D:1:      giann_wishing_wells, layout_loops_corners
D:2:      layout_loops_cross, basic_altar, minmay_misc_feat_rugged
D:3:      layout_loops_corners, mainiacjoe_overflow_chevrons,
          mainiacjoe_overflow_alcove_2
D:4:      layout_rooms, nicolae_tso_besieged_by_evil, uniq_ijyb, uniq_menkaure
D:5:      layout_basic, nicolae_yredelemnul_corpse_copse,
          minmay_temple_entry_nine_rooms, serial_shops,
          nicolae_shop_hallway_stairs
D:6:      kennysheep_kobold_camp, layout_basic, nicolae_elyvilon_peaceful_grove,
          trog_three_pillars_becter

Skill      XL: |  1  2  3  4  5  6  7  8 |
---------------+-------------------------+-----
Stealth        | 2 3 4 5 6 |  6.4
Dodging        | 3 4 5 6 |  6.1
Fighting       | 2 3 |  3.7
Ranged Weapons | 5 6 7 |  7.0
Spellcasting   | 1 2 3 4 |  4.0
Hexes          | 1 2 3 4 |  4.0

Action                     |  1- 3 |  4- 6 |  7- 9 || total
---------------------------+-------+-------+-------++-------
  Melee: Unarmed           |       |     9 |       ||     9
   Fire: Shortbow          |    84 |   134 |   321 ||   539
   Cast: Slow              |       |     1 |     2 ||     3
 Invoke: Draw Destruction  |       |       |     7 ||     7
         Draw Summoning    |       |       |     2 ||     2
         Draw Escape       |       |       |     1 ||     1
    Use: Potion            |       |     1 |       ||     1
   Stab: Confused          |       |     1 |       ||     1
 Armour: Robe              |     4 |     8 |     8 ||    20
         Skin              |       |     3 |       ||     3
  Dodge: Dodged            |    13 |    45 |    39 ||    97
